 Dungeon Crawl Stone Soup version 0.18.1-50-g88ac8fd (webtiles) character file.

213618 Peloso the Peltast (level 18, -3/163 HPs)
             Began as a Ghoul Fighter on Oct 22, 2016.
             Was the Champion of Okawaru.
             Slain by an alligator snapping turtle (29 damage)
             ... on level 4 of the Shoals on Oct 23, 2016.
             The game lasted 03:01:18 (33899 turns).

Peloso the Peltast (Ghoul Fighter)                 Turns: 33899, Time: 03:01:19

Health: -3/163     AC: 36    Str: 24    XL:     18   Next: 96%
Magic:  19/20      EV: 17    Int:  3    God:    Okawaru [******]
Gold:   1722       SH: 21    Dex: 25    Spells: 0 memorised, 17 levels left

rFire  x . .     SeeInvis .     Q - +9 long sword "Xotzi" {pain, rElec MR+ Int+2}
rCold  + + .     Gourm    .     W - +8 plate armour of Ashenzari's Regard {-Tele rN+ Dex+2 Slay+3}
rNeg   + + +     Faith    .     D - +0 shield of the Lonely Moons {Dex+3}
rPois  ∞         Spirit   .     M - +1 hat {MR+}
rElec  +         Dismiss  .     K - +0 cloak {MR+}
rCorr  .         Reflect  +     N - +2 pair of gloves {Dex+3}
SustAt .         Harm     .     X - +2 pair of boots {Stlth+}
MR     +++++     NoTele   +     a - +3 amulet of reflection
Stlth  ..........               E - ring of Unir Soe {Ice rPois MR+ Int-2 Slay+3}
                                l - +5 ring of dexterity

@: heroism, rotting, almost entirely resistant to hostile enchantments,
extremely unstealthy
A: rotting body, claws 1, carnivore 3, cold resistance 1, negative energy
resistance 3, slow regeneration 1, torment resistance, unbreathing
a: Heroism, Finesse, Renounce Religion
}: 1/15 runes: gossamer


You were on level 4 of the Shoals.
You worshipped Okawaru.
Okawaru was exalted by your worship.
You were not hungry.

You visited 5 branches of the dungeon, and saw 32 of its levels.
You visited 1 bazaar.
You also visited: Labyrinth, Sewer, Ice Cave and Volcano.

You collected 3105 gold pieces.
You spent 1383 gold pieces at shops.

Inventory:

Hand Weapons
 i - a +1 demon blade of flaming
 j - the +3 flail of Ymousk {crush, *Corrode rF+++ MP+9 Str+3, unknown}
   (You took it off a merfolk on level 4 of the Shoals)

   It inflicts extra damage upon your enemies.
   It affects your strength (+3).
   It renders you almost immune to fire.
   It affects your magic capacity (+9).
   It may corrode you when you take damage.
 Q - the +9 long sword "Xotzi" (weapon) {pain, rElec MR+ Int+2}
   (You bought it in a shop on level 2 of the Orcish Mines)

   In the hands of one skilled in necromantic magic, it inflicts extra damage on
   living creatures.
   It affects your intelligence (+2).
   It insulates you from electricity.
   It affects your resistance to hostile enchantments.
Armour
 q - a +0 large shield of fire resistance
 D - the +0 shield of the Lonely Moons (worn) {Dex+3}
   (You found it on level 14 of the Dungeon)

   It affects your dexterity (+3).
 K - a +0 cloak of magic resistance (worn)
 M - a +1 hat of magic resistance (worn)
 N - a +2 pair of gloves of dexterity (worn)
 W - the +8 plate armour of Ashenzari's Regard (worn) {-Tele rN+ Dex+2 Slay+3}
   (You bought it in a shop on level 2 of the Orcish Mines)

   It affects your dexterity (+2).
   It affects your accuracy and damage with ranged weapons and melee attacks
   (+3).
   It protects you from negative energy.
   It prevents most forms of teleportation.
 X - a +2 pair of boots of stealth (worn)
Jewellery
 a - a +3 amulet of reflection (around neck)
 k - an uncursed amulet of regeneration
 l - a +5 ring of dexterity (left hand)
 A - a cursed ring of teleportation {unknown}
 E - the ring of Unir Soe (right hand) {Ice rPois MR+ Int-2 Slay+3}
   (You found it on level 13 of the Dungeon)

   [ring of ice]

   It enhances your ice magic, and weakens your fire magic.
   It affects your intelligence (-2).
   It affects your accuracy and damage with ranged weapons and melee attacks
   (+3).
   It makes you vulnerable to fire.
   It protects you from cold.
   It protects you from poison.
   It affects your resistance to hostile enchantments.
 F - an uncursed ring of resist corrosion
Wands
 e - a wand of heal wounds (1/9)
 o - a wand of teleportation (5/9)
 B - a wand of digging (15/24)
 Y - a wand of teleportation (6/9)
Scrolls
 b - 11 scrolls of teleportation
 h - 7 scrolls of magic mapping
 p - 2 scrolls of enchant armour
 r - 7 scrolls of identify
 t - a scroll of amnesia
 u - a scroll of enchant weapon
 x - 5 scrolls of blinking
 C - 2 scrolls of fog
 I - a scroll of summoning
 S - 16 scrolls of remove curse
Potions
 c - a potion of ambrosia
 d - 2 potions of might
 g - 5 potions of haste
 s - 15 potions of curing
 v - 6 potions of flight
 w - 3 potions of heal wounds
 z - 4 potions of resistance
 J - 2 potions of agility
 T - 3 potions of invisibility
Books
 H - a book of Frost

   Spells                             Type                      Level
   a - Freeze                         Ice                          1
   b - Throw Frost                    Conjuration/Ice              2
   c - Ozocubu's Armour               Charms/Ice                   3
   d - Throw Icicle                   Conjuration/Ice              4
   e - Summon Ice Beast               Ice/Summoning                4
Comestibles
 f - 15 meat rations
 m - 10 royal jellies
 n - 9 slices of pizza
 G - 2 chunks of flesh
 R - 4 beef jerkies


   Skills:
 + Level 15.5(20.5) Fighting
 + Level 15.8(20.8) Long Blades
 + Level 12.9(17.9) Armour
 + Level 5.9(10.9) Dodging
 + Level 3.1(8.1) Stealth
 + Level 17.3(22.3) Shields
 + Level 4.6 Invocations
 + Level 1.0 Evocations


You had 17 spell levels left.
You didn't know any spells.

Dungeon Overview and Level Annotations

Branches:
Dungeon (15/15)            Temple (0/1) D:5            Lair (7/8) D:11
 Shoals (4/4) Lair:5       Spider (4/4) Lair:6          Orc (2/2) D:9
    Elf (0/3) Orc:2        Vaults (0/5) D:13         Depths (0/5) D:15
  Slime: Lair:6-8

Altars:
Cheibriados
Dithmenos
Fedhas
Kikubaaqudgha
Makhleb
Okawaru
Ru
Sif Muna
Trog
Vehumet

Shops:
D:8 *   Orc:2 *(=[   Shoals:1 }


Innate Abilities, Weirdness & Mutations

Your body is rotting away.
You thrive on raw meat.
You are immune to poison.
You have sharp fingernails.
You are carnivorous and can eat meat at any time.
Your flesh is cold resistant.
You are immune to negative energy.
You regenerate slowly when monsters are visible.
You are immune to unholy pain and torment.
You can survive without breathing.


Message History

You resist with almost no effort.
You block the alligator snapping turtle's attack.
Unknown command.
You hit the alligator snapping turtle.
The alligator snapping turtle is heavily wounded.
You block the merfolk's attack.
Unknown command.
You slash the alligator snapping turtle!
The alligator snapping turtle is severely wounded.
You block the merfolk's attack.
The alligator snapping turtle bites you but does no damage.
Unknown command.
You hit the alligator snapping turtle but do no damage.
The alligator snapping turtle is severely wounded.
Unknown command.
You hit the alligator snapping turtle but do no damage.
The alligator snapping turtle is severely wounded.
You block the merfolk's attack.
The alligator snapping turtle bites you!!
You die...

≈≈≈≈≈≈≈≈≈ ≈≈≈≈≈≈≈≈≈≈.....≈≈
≈≈≈≈≈≈≈≈.≈≈≈≈≈≈≈≈≈≈(≈≈≈≈≈≈.......
≈≈≈≈≈≈≈≈≈≈≈≈≈≈≈≈≈≈≈≈≈≈≈≈.........
≈≈≈≈≈≈≈≈≈≈≈≈≈≈≈≈≈≈≈≈≈≈≈..........
≈≈≈≈≈≈≈≈≈≈≈≈≈≈≈≈≈≈≈≈≈≈.(.........
≈≈≈≈≈≈≈≈≈≈≈≈≈≈≈≈≈≈≈≈≈≈≈..........
≈≈≈≈≈≈≈≈≈≈≈≈≈≈≈≈≈≈≈≈≈≈...≈......≈
≈≈≈≈≈≈≈≈≈≈≈≈≈≈≈≈≈≈≈#≈≈...≈...≈≈≈≈
≈≈≈≈≈≈≈≈≈≈≈≈≈≈≈≈@#####...≈..≈≈≈≈≈
≈≈≈≈≈≈≈≈....≈≈≈)#t###≈......≈≈≈≈c
≈≈≈≈≈≈≈≈....≈≈##)mc≈.≈.#≈...≈≈≈≈≈
≈≈≈≈≈≈≈≈....≈≈ ##m#c#.≈##....≈≈≈≈
≈≈≈≈≈≈≈≈...... #≈≈...≈.#≈....≈≈≈≈
≈≈≈≈≈≈≈≈.≈≈.≈. ##.#.#.###...((≈≈≈
≈≈≈≈≈≈≈≈.≈....##...≈...##(..(....
≈..≈≈≈≈.........#.#≈.............
....≈............#####.......(.m.


You could see an alligator snapping turtle, a merfolk, 2 fauns and a siren.

Vanquished Creatures
  Norris (D:13)
  Nikola (Shoals:3)
  Rupert (D:13)
  Polyphemus (Shoals:4)
  Gastronok (D:12)
  Ilsuiw (Shoals:4)
  Maud (Lair:6)
  2 emperor scorpions (Spider:4)
  2 orc warlords (Orc:2)
  4 ghost moths (Spider:4)
  A dire elephant (D:15)
  Nessos (Lair:5)
  2 spark wasps
  2 merfolk javelineers
  A minotaur (Lab)
  5 merfolk impalers
  Josephine (D:11)
  A blizzard demon (IceCv)
  Fannar (D:10)
  3 entropy weavers
  4 hydras
  The ghost of Veiltonx the Basher, a journeyman FoFi (D:10)
  2 catoblepae
  The ghost of tailblues the Nimble, a journeyman DgWz (Lab)
  A rakshasa (D:12)
  5 merfolk avatars
  Erolcha (D:8)
  6 centaur warriors
  A merfolk aquamancer (Shoals:4)
  A death knight (D:13)
  14 death yaks
  An alligator snapping turtle (Shoals:4)
  A satyr (Shoals:4)
  A tengu warrior (D:15)
  6 orc high priests
  10 sea snakes
  3 unseen horrors
  12 harpies
  A lindwurm (Lair:4)
  Pikel (D:7)
  5 hill giants
  A phantasmal warrior (D:12)
  20 orb spiders
  6 orc knights
  4 deep elf magi
  4 orc sorcerers
  4 cyclopes
  A wolf spider zombie (D:15)
  26 wolf spiders
  6 ugly things
  An oklob plant (Lair:7)
  7 manticores
  4 griffons
  8 hornets
  A salamander (D:15)
  12 fauns
  A moth of wrath (Spider:2)
  Joseph (D:9)
  2 ice statues (IceCv)
  8 torpor snails
  3 black mambas
  4 water nymphs
  3 elephants (Lair:6)
  5 sirens
  A gargoyle (D:12)
  2 freezing wraiths
  7 komodo dragons
  12 spiny frogs
  2 kobold demonologists (D:12)
  10 demonic crawlers
  14 ice devils (IceCv)
  7 trolls
  30 jumping spiders
  31 merfolk
  4 wind drakes
  4 two-headed ogres
  2 snapping turtles (Shoals:4)
  2 boulder beetles
  30 blink frogs
  Sigmund (D:5)
  A shadow (D:12)
  29 yaks
  4 water elementals
  81 redbacks
  2 fire bats (Volcano)
  Eustachio (D:5)
  8 wraiths
  32 tarantellas
  3 wyverns
  A hog (Volcano)
  Grum (D:10)
  5 basilisks
  15 hippogriffs
  2 hungry ghosts (D:15)
  16 humans (D:13)
  2 steam dragons
  2 wargs (Orc:2)
  2 mottled dragons
  5 porcupines
  3 soldier ants
  11 water moccasins
  5 black bears
  42 orc warriors
  2 ice beasts
  4 sky beasts (D:11)
  5 wasps
  3 phantoms
  4 necrophages (D:7)
  2 slaves (D:7)
  13 wolves
  13 ogres
  13 centaurs
  6 crocodiles
  7 big kobolds
  18 giant frogs
  Blork the orc (Orc:1)
  3 scorpions
  22 killer bees
  5 wights (D:15)
  A jelly (D:14)
  9 howler monkeys
  3 electric eels
  2 centaur zombies
  3 giant frog zombies
  12 crimson imps
  24 orc priests
  A gnoll shaman (D:6)
  26 orc wizards
  8 hounds
  5 giant frog skeletons
  Ijyb (D:2)
  4 centaur skeletons
  13 iguanas
  21 worker ants
  A killer bee zombie (D:8)
  31 sheep
  3 hound zombies
  A hound skeleton (D:8)
  4 gnolls
  2 worker ant zombies (D:7)
  10 adders
  A howler monkey skeleton (D:4)
  66 river rats
  6 shadow imps
  11 white imps
  5 ufetubi (IceCv)
  An ooze (D:1)
  3 adder skeletons
  An adder zombie (D:7)
  2 worms (D:3)
  3 dart slugs
  8 giant geckos
  100 orcs
  9 bats
  4 giant cockroaches
  17 goblins
  10 hobgoblins
  15 jackals
  4 quokkas
  4 giant newts
  31 kobolds
  6 rats
  2 bushes
  A plant (Shoals:4)
1291 creatures vanquished.

Vanquished Creatures (others)
  A blizzard demon (IceCv)
  3 merfolk javelineers (Shoals:4)
  A death yak (Shoals:4)
  3 satyrs
  An unseen horror (D:14)
  A faun (Shoals:2)
  2 sirens (Shoals:2)
  A water nymph (Shoals:2)
  4 merfolk
  A shadow (D:12)
  A redback (Spider:2)
  A slave (D:7)
  A centaur (Shoals:1)
  An electric eel (Spider:3)
  A white imp (IceCv)
  An ufetubus (IceCv)
  A bush (D:7)
  4 fungi
  8 plants
37 creatures vanquished.

Grand Total: 1328 creatures vanquished

Notes
Turn   | Place    | Note
--------------------------------------------------------------
     0 | D:1      | Peloso the Ghoul Fighter began the quest for the Orb.
     0 | D:1      | Reached XP level 1. HP: 19/19 MP: 0/0
    93 | D:1      | Reached XP level 2. HP: 18/26 MP: 1/1
   273 | D:1      | Reached XP level 3. HP: 26/33 MP: 2/2
   476 | D:2      | Found an iron altar of Okawaru.
   479 | D:2      | Became a worshipper of Warmaster Okawaru
   541 | D:2      | Reached skill level 3 in Shields
   649 | D:2      | Noticed Ijyb
   823 | D:2      | Killed Ijyb
   823 | D:2      | Reached XP level 4. HP: 40/40 MP: 3/3
  1064 | D:2      | Reached skill level 1 in Dodging
  1542 | D:3      | Found a sacrificial altar of Ru.
  1568 | D:3      | Reached XP level 5. HP: 28/46 MP: 4/4
  2479 | D:5      | Entered Level 5 of the Dungeon
  2480 | D:5      | Found a glowing drain.
  2555 | Sewer    | Entered a sewer
  2569 | Sewer    | Reached skill level 4 in Shields
  2569 | Sewer    | Reached XP level 6. HP: 42/53 MP: 5/5
  2654 | Sewer    | Reached * piety under Okawaru
  2705 | Sewer    | Found a white marble altar of Elyvilon.
  2790 | D:5      | Noticed Eustachio
  2840 | D:5      | Killed Eustachio
  2840 | D:5      | Reached XP level 7. HP: 46/60 MP: 6/6
  2874 | D:5      | Reached skill level 5 in Fighting
  3083 | D:5      | Found a radiant altar of Vehumet.
  3100 | D:5      | Reached skill level 5 in Shields
  3137 | D:5      | Noticed Sigmund
  3156 | D:5      | Killed Sigmund
  3156 | D:5      | Reached ** piety under Okawaru
  3314 | D:5      | Noticed a hill giant
  3399 | D:5      | Reached XP level 8. HP: 26/67 MP: 7/7
  3952 | D:6      | Reached skill level 6 in Shields
  4259 | D:6      | Found an ancient bone altar of Kikubaaqudgha.
  4522 | D:6      | Reached skill level 1 in Stealth
  4666 | D:6      | Found a shadowy altar of Dithmenos.
  4775 | D:6      | Reached skill level 5 in Armour
  4787 | D:6      | Reached *** piety under Okawaru
  5201 | D:7      | Reached XP level 9. HP: 63/78 MP: 8/8
  5214 | D:7      | Reached skill level 7 in Shields
  5469 | D:7      | Found a blossoming altar of Fedhas.
  5623 | D:7      | Reached skill level 1 in Invocations
  5640 | D:7      | Reached skill level 5 in Long Blades
  5809 | D:7      | Noticed Pikel
  5830 | D:7      | Killed Pikel
  5830 | D:7      | Reached **** piety under Okawaru
  5978 | D:8      | Noticed Erolcha
  5996 | D:8      | Killed Erolcha
  5996 | D:8      | Reached skill level 8 in Shields
  5996 | D:8      | Reached XP level 10. HP: 42/88 MP: 7/10
  6163 | D:8      | Found Obid's Assorted Antiques.
  6167 | D:8      | Bought an ancient jade amulet for 140 gold pieces
  6168 | D:8      | Identified the amulet "Barykops" {Dismiss rC+ Slay+3} (You bought it in a shop on level 8 of the Dungeon)
  6232 | D:8      | Found a bloodstained altar of Trog.
  6287 | D:8      | Reached ***** piety under Okawaru
  6332 | D:8      | Found a deep blue altar of Sif Muna.
  6854 | D:9      | Noticed Joseph
  6901 | D:9      | Killed Joseph
  7182 | D:9      | Received a gift from Okawaru
  7444 | D:9      | Reached skill level 9 in Shields
  7756 | D:9      | Reached XP level 11. HP: 76/94 MP: 11/11
  7894 | D:9      | Found a staircase to the Orcish Mines.
  8069 | D:10     | Entered Level 10 of the Dungeon
  8297 | D:10     | Noticed Fannar
  8321 | D:10     | Killed Fannar
  8355 | D:10     | Noticed Grum
  8383 | D:10     | Killed Grum
  8565 | D:10     | Killed an unseen horror
  8838 | D:10     | Received a gift from Okawaru
  9053 | D:10     | Noticed Veiltonx's ghost (journeyman FoFi)
  9067 | D:10     | Killed Veiltonx's ghost
  9166 | D:11     | Found a staircase to the Lair.
  9276 | D:11     | Noticed Josephine
  9293 | D:11     | Killed Josephine
  9293 | D:11     | Reached skill level 10 in Shields
  9385 | D:11     | Noticed a centaur warrior
  9411 | D:11     | Killed a centaur warrior
  9429 | D:11     | Received a gift from Okawaru
  9480 | D:11     | Reached XP level 12. HP: 88/105 MP: 13/13
 10427 | D:5      | Found a staircase to the Ecumenical Temple.
 11024 | Lair:1   | Entered Level 1 of the Lair of Beasts
 11151 | Lair:1   | Reached skill level 10 in Fighting
 11446 | Lair:1   | Reached skill level 11 in Shields
 11922 | Lair:2   | Noticed a four-headed hydra
 12411 | Lair:3   | Found a snail-covered altar of Cheibriados.
 13021 | Lair:4   | Received a gift from Okawaru
 13103 | Lair:4   | Found a dark tunnel.
 13109 | Volcano  | Entered a volcano
 13228 | Volcano  | Reached XP level 13. HP: 113/113 MP: 11/14
 13245 | Volcano  | Reached skill level 10 in Long Blades
 14785 | Lair:2   | Reached skill level 12 in Shields
 14790 | Lair:2   | Received a gift from Okawaru
 15427 | Lair:5   | Found a staircase to the Shoals.
 15581 | Lair:5   | Noticed Nessos
 15597 | Lair:5   | Killed Nessos
 16417 | Lair:6   | Reached skill level 10 in Armour
 16557 | Lair:6   | Found a hole to the Spider Nest.
 16797 | Lair:6   | Reached XP level 14. HP: 46/124 MP: 15/15
 16984 | Lair:6   | Noticed Maud
 17044 | Lair:6   | Killed Maud
 17049 | Lair:6   | Received a gift from Okawaru
 17133 | Lair:6   | HP: 4/124 [death yak (13)]
 17152 | Lair:6   | Reached ****** piety under Okawaru
 17571 | Lair:7   | Reached skill level 13 in Shields
 17748 | Lair:7   | Received a gift from Okawaru
 18299 | D:12     | Found a labyrinth entrance.
 18307 | Lab      | Entered a labyrinth
 18398 | Lab      | Noticed tailblues's ghost (journeyman DgWz)
 18420 | Lab      | Killed tailblues's ghost
 18426 | Lab      | Got a coiled copper amulet
 18450 | Lab      | Identified the amulet "Obuafyo" {+Rage MP+9} (You found it in a labyrinth)
 18467 | Lab      | Got a spiked helmet
 18479 | Lab      | Identified the +0 helmet of the Hot Ocelot {rN+ Int-4 SInv} (You found it in a labyrinth)
 18479 | Lab      | Lost intelligence.
 18482 | Lab      | Got a smoking short sword
 18487 | Lab      | Got a blackened rapier
 18487 | Lab      | Got a smoking glaive
 18747 | Lair:1   | Identified the +1 rapier "Killer Klown's Death" {vamp, rF+ rC- rN+} (You found it in a labyrinth)
 18750 | Lair:1   | Identified the +3 short sword "Tauhir" {speed, *Confuse MR+ SInv} (You found it in a labyrinth)
 18763 | Lair:1   | Identified the +6 glaive "Soexzu" {chop, Int+2} (You found it in a labyrinth)
 18934 | D:12     | Found a runed door.
 19102 | D:12     | Identified the Papyrus of the Warrior-Mage
 19182 | D:12     | Noticed Gastronok
 19197 | D:12     | Killed Gastronok
 19204 | D:12     | Reached XP level 15. HP: 110/133 MP: 17/17
 19680 | D:13     | Got a clouded jade ring
 19786 | D:13     | Found a gate to the Vaults.
 19786 | D:13     | Noticed Rupert
 19817 | D:13     | Killed Rupert
 19837 | D:13     | Received a gift from Okawaru
 19931 | D:13     | Noticed Norris
 19976 | D:13     | HP: 6/134 [something (13)]
 19977 | D:13     | Killed Norris
 19977 | D:13     | Reached skill level 14 in Shields
 20037 | D:13     | Identified the ring of Unir Soe {Ice rPois MR+ Int-2 Slay+3} (You found it on level 13 of the Dungeon)
 20384 | Orc:1    | Entered Level 1 of the Orcish Mines
 20518 | Orc:2    | Entered Level 2 of the Orcish Mines
 20518 | Orc:2    | Found a burning altar of Makhleb.
 20824 | Orc:2    | Found Tohein's Antique Weapon Emporium.
 20840 | Orc:2    | Bought an ancient long sword for 246 gold pieces
 20840 | Orc:2    | Identified the +9 long sword "Xotzi" {pain, rElec MR+ Int+2} (You bought it in a shop on level 2 of the Orcish Mines)
 20930 | Orc:1    | Noticed an orc warlord
 20984 | Orc:2    | Killed an orc warlord
 21312 | Orc:2    | Noticed an orc warlord
 21593 | Orc:2    | Killed an orc warlord
 21654 | Orc:2    | Found Afericuj's Jewellery Emporium.
 21728 | Orc:2    | Found a staircase to the Elven Halls.
 21851 | Orc:2    | Found Fueg's General Store.
 21878 | Orc:2    | Found Udweudgh's Antique Armour Boutique.
 21897 | Orc:2    | Bought a spiked plate armour for 812 gold pieces
 21911 | Orc:2    | Identified the +8 plate armour of Ashenzari's Regard {-Tele rN+ Dex+2 Slay+3} (You bought it in a shop on level 2 of the Orcish Mines)
 22155 | Orc:1    | Noticed Blork the orc
 22284 | Orc:1    | Killed Blork the orc
 22362 | Orc:1    | Received a gift from Okawaru
 22998 | D:14     | Reached XP level 16. HP: 130/143 MP: 18/18
 23293 | D:14     | Found a shadowy altar of Dithmenos.
 23386 | D:14     | Got an ichor-stained shield
 23397 | D:14     | Identified the cursed +0 shield of the Lonely Moons {Dex+3} (You found it on level 14 of the Dungeon)
 23723 | D:15     | Entered Level 15 of the Dungeon
 24116 | D:15     | Found a staircase to the Depths.
 24829 | Spider:1 | Entered Level 1 of the Spider Nest
 24962 | Spider:1 | Reached skill level 5 in Dodging
 24967 | Spider:1 | Received a gift from Okawaru
 25475 | Spider:1 | Reached skill level 15 in Shields
 26239 | Spider:2 | Found a frozen archway.
 26276 | IceCv    | Entered an ice cave
 27074 | IceCv    | Got a warped demon trident
 27367 | Spider:2 | Reached XP level 17. HP: 61/148 MP: 19/19
 28222 | Spider:3 | Received a gift from Okawaru
 28240 | Spider:3 | Identified the cursed +1 demon trident of the Undead {pain, rElec rC+ rN+ Dex-5} (You found it in an ice cave)
 28797 | Spider:4 | Entered Level 4 of the Spider Nest
 28885 | Spider:4 | Got a transparent glaive
 29213 | Spider:4 | Reached skill level 16 in Shields
 29231 | Spider:4 | Received a gift from Okawaru
 29937 | Spider:4 | Got a gossamer rune of Zot
 30242 | Lair:1   | Identified the +9 glaive "Osto" {pain, rPois rN+} (You found it on level 4 of the Spider Nest)
 30383 | Shoals:1 | Entered Level 1 of the Shoals
 30420 | Shoals:1 | Reached skill level 15 in Long Blades
 30554 | Shoals:1 | Found Lareilul's Gadget Emporium.
 30875 | Shoals:2 | Reached XP level 18. HP: 133/161 MP: 17/20
 31002 | Shoals:2 | Found a flickering gateway to a bazaar.
 31011 | Bazaar   | Entered a bazaar
 31053 | Bazaar   | Found Jetaogoq's Jewellery Emporium.
 31075 | Bazaar   | Found Woociatt's General Store.
 31075 | Bazaar   | Found Guitedet's General Store.
 31081 | Bazaar   | Bought a scroll of enchant armour for 67 gold pieces
 31098 | Bazaar   | Found Vapiotu's Gadget Emporium.
 31151 | Bazaar   | Bought a scroll of magic mapping for 49 gold pieces
 31151 | Bazaar   | Bought a potion of curing for 42 gold pieces
 31157 | Bazaar   | Bought a potion of curing for 27 gold pieces
 31425 | Shoals:2 | Received a gift from Okawaru
 31931 | Shoals:3 | Noticed Nikola
 31984 | Shoals:3 | Killed Nikola
 31984 | Shoals:3 | Reached skill level 15 in Fighting
 32607 | Shoals:4 | Entered Level 4 of the Shoals
 32922 | Shoals:4 | Reached skill level 17 in Shields
 33058 | Shoals:4 | Noticed Polyphemus
 33103 | Shoals:4 | Killed Polyphemus
 33268 | Shoals:4 | Got an ancient flail {crush}
 33595 | Shoals:4 | Noticed Ilsuiw
 33647 | Shoals:4 | Reached skill level 1 in Evocations
 33648 | Shoals:4 | Killed Ilsuiw
 33655 | Shoals:4 | Received a gift from Okawaru
 33899 | Shoals:4 | Slain by an alligator snapping turtle

Skill      XL: |  1  2  3  4  5  6  7  8  9 10 11 12 13 14 15 16 17 18 |
---------------+-------------------------------------------------------+-----
Armour         | 3 4 5 6 7 8 9 10 11 12 | 12.9
Long Blades    | 2 3 4 6 7 8 9 10 12 13 14 15 | 15.8
Shields        | 3 4 5 6 8 9 10 11 12 13 14 15 16 17 | 17.3
Fighting       | 4 5 6 7 8 9 10 11 12 13 14 15 | 15.5
Dodging        | 1 2 3 4 5 |  5.9
Stealth        | 1 2 3 |  3.1
Invocations    | 1 2 3 4 |  4.6
Evocations     | 1 |  1.0

Action                   |  1- 3 |  4- 6 |  7- 9 | 10-12 | 13-15 | 16-18 || total
-------------------------+-------+-------+-------+-------+-------+-------++-------
Melee: Long sword        |   175 |   271 |   584 |   237 |   409 |  2206 ||  3882
       Scimitar          |       |       |       |   969 |  1066 |       ||  2035
       Demon blade       |       |       |       |       |   328 |       ||   328
Invok: Heroism           |       |     1 |    10 |    28 |    35 |    22 ||    96
Evoke: Wand              |       |       |       |     4 |     2 |     6 ||    12
  Use: Scroll            |       |    10 |     2 |    22 |    12 |     8 ||    54
       Potion            |       |       |     1 |       |     2 |     7 ||    10
 Stab: Petrified         |       |       |       |       |       |     5 ||     5
       Petrifying        |       |       |       |       |       |     3 ||     3
  Eat: Chunk             |     3 |    14 |    30 |    41 |   156 |   151 ||   395
       Beef jerky        |       |       |       |     1 |       |     3 ||     4
Armor: Scale mail        |    47 |       |       |       |       |       ||    47
       Plate armour      |   152 |   243 |   401 |   819 |   773 |  1522 ||  3910
Dodge: Dodged            |    58 |    61 |   134 |   340 |   515 |  1096 ||  2204
Block: Shield            |   125 |   197 |   336 |   859 |  1412 |  2256 ||  5185
       Reflection        |       |       |       |       |     5 |   109 ||   114
